 Dungeon Crawl Stone Soup version 0.30.1-4-g462c640d31 (webtiles) character file.

Game seed: 15216275329801612669

807 Wiggles the Cleaver (level 7, -5/61 HPs)
             Began as a Minotaur Berserker on Sept 4, 2023.
             Was a Priest of Trog.
             Succumbed to a killer bee's poison
             ... on level 5 of the Dungeon.
             The game lasted 00:04:46 (3023 turns).

Wiggles the Cleaver (Minotaur Berserker)            Turns: 3023, Time: 00:04:46

Health: -5/61      AC: 12    Str: 24    XL:     7   Next: 60%
Magic:  6/6        EV:  9    Int:  4    God:    Trog [***...]
Gold:   240        SH:  0    Dex:  9    Spells: 6/6 levels left

rFire   . . .        o - +2 hand axe (heavy)
rCold   + . .        (no shield)
rNeg    . . .        f - +2 chain mail {rC+}
rPois   .            (helmet restricted)
rElec   .            (no cloak)
rCorr   .            (no gloves)
SInv    .            s - +0 pair of boots
Will    .....        (no amulet) Stlth
                     (no ring)
HPRegen 0.30/turn    (no ring)
MPRegen 0.10/turn

%: no passive effects
@: lethally poisoned (-5 -> -38)
A: horns 2, retaliatory headbutt
a: Renounce Religion, Berserk, Trog's Hand


You were on level 5 of the Dungeon.
You worshipped Trog.
Trog was most pleased with you.
You visited 1 branch of the dungeon, and saw 5 of its levels.

You collected 240 gold pieces.

Inventory:

Hand Weapons
 b - a +0 war axe
 o - a +2 heavy hand axe (weapon)
Armour
 f - a +2 chain mail of cold resistance (worn)
 s - a +0 pair of boots (worn)
Jewellery
 j - a ring of fire
Wands
 m - a wand of mindburst (2)
Scrolls
 e - 4 scrolls of identify {unknown}
 g - 2 scrolls of fog {unknown}
 h - 2 scrolls of noise {unknown}
 k - a scroll of teleportation {unknown}
 l - a scroll of magic mapping {unknown}
 p - a scroll of fear {unknown}
 r - a scroll of enchant armour {unknown}
 w - a scroll of silence {unknown}
Potions
 a - 2 potions of heal wounds {unknown}
 c - 2 potions of degeneration {unknown}
 d - 2 potions of flight {unknown}
 i - a potion of mutation {unknown}
 n - 2 potions of haste {unknown}
 q - a potion of berserk rage {unknown}
 t - a potion of resistance {unknown}
 u - 5 potions of curing {unknown}
 v - a potion of cancellation {unknown}


   Skills:
 + Level 5.5 Fighting
 + Level 9.0 Axes
 + Level 4.7 Armour
 + Level 2.7 Dodging
 + Level 0.2 Stealth


You had 6 spell levels left.
You didn't know any spells.
Your spell library was empty.

Dungeon Overview and Level Annotations

Branches:
Dungeon (5/15)             Temple (0/1) D:4

Altars:
Elyvilon
Kikubaaqudgha
Nemelex Xobeh
Qazlal
Ru
Sif Muna
Uskayaw
Wu Jian
Yredelemnul
The Shining One

Shops:
D:1 (


Innate Abilities, Weirdness & Mutations

You have a pair of horns on your head.
You reflexively headbutt those who attack you in melee.


Message History

The killer bee misses you. x2; The killer bee stings you. x2
You are more poisoned.
The killer bee poisons you! The killer bee barely misses you.
You slash the killer bee!
You kill the killer bee!
Trog accepts your kill.
You miss the killer bee. You slash the killer bee!
You kill the killer bee!
Trog accepts your kill.
You feel extremely sick.
The killer bee stings you but does no damage.
The killer bee barely misses you. The killer bee completely misses you.
You furiously retaliate!
You headbutt the killer bee.
The killer bee stings you but does no damage.
The killer bee stings you!
* * * LOW HITPOINT WARNING * * *
You are lethally poisoned!
The killer bee poisons you!
Your Axes skill increases to level 9!
You barely miss the killer bee.
The killer bee is moderately wounded.
You hit the killer bee.
* * * LOW HITPOINT WARNING * * *
You feel extremely sick. The killer bee closely misses you.
You furiously retaliate!
You headbutt the killer bee!
The killer bee stings you but does no damage.
The killer bee stings you!
* * * LOW HITPOINT WARNING * * *
You are more poisoned.
The killer bee poisons you!
The killer bee stings you but does no damage.
The killer bee barely misses you. The killer bee stings you.
* * * LOW HITPOINT WARNING * * *
You are more poisoned.
The killer bee poisons you!
You barely miss the killer bee. Your headbutt misses the killer bee.
The killer bee is moderately wounded.
You miss the killer bee.
You die...

#.##...###...
.#.#.#...#...<
.#.#........### .
.............. ..
.#.##......... ##...
.#.##......### .....#
.#.##........## #.....#
##.#..........###†......
...#............@y#
####...>......#.y##
#........##..#...#
#.......##..###..#
#.....####.## ####
#...### #. .... ## ... .


You could see 2 killer bees.

Vanquished Creatures
  An ice beast (D:5)
  An ogre (D:4)
  A phantom (D:3)
  A gnoll sergeant (D:5)
  A scorpion (D:5)
  2 killer bees (D:5)
  2 hounds
  A jelly (D:4)
  2 orc priests (D:4)
  Terence (D:2)
  4 adders
  3 gnolls (D:5)
  An ufetubus (D:5)
  4 worms
  2 dart slugs
  14 orcs
  4 endoplasms
  2 giant cockroaches (D:1)
  9 goblins
  5 hobgoblins
  7 kobolds
  3 quokkas
  8 ball pythons
  6 bats
  6 frilled lizards
  6 rats
97 creatures vanquished.

Notes
Turn   | Place    | Note
-------+----------+-------------------------------------------
     0 | D:1      | Wiggles the Minotaur Berserker began the quest for the Orb.
     0 | D:1      | Reached XP level 1. HP: 19/19 MP: 0/0
   159 | D:1      | Reached skill level 4 in Axes
   159 | D:1      | Reached XP level 2. HP: 26/27 MP: 1/1
   525 | D:1      | Found Coitsino's Antique Weapon Shop.
   862 | D:2      | Reached ** piety under Trog
   891 | D:2      | Reached XP level 3. HP: 33/33 MP: 2/2
   945 | D:2      | Noticed Terence
   950 | D:2      | Killed Terence
  1211 | D:2      | Reached skill level 5 in Axes
  1414 | D:3      | Noticed a phantom
  1427 | D:3      | Killed a phantom
  1428 | D:3      | Reached XP level 4. HP: 30/41 MP: 3/3
  1428 | D:3      | Reached XP level 5. HP: 35/47 MP: 4/4
  1607 | D:3      | Found an ornate altar of the Wu Jian Council.
  1680 | D:3      | Found a stormy altar of Qazlal.
  1806 | D:3      | Found a sparkling altar of Nemelex Xobeh.
  1902 | D:3      | Found a hide-covered altar of Uskayaw.
  2014 | D:4      | Reached skill level 6 in Axes
  2056 | D:4      | Noticed an ogre
  2065 | D:4      | Killed an ogre
  2066 | D:4      | Reached XP level 6. HP: 54/55 MP: 5/5
  2143 | D:4      | Reached skill level 7 in Axes
  2157 | D:4      | Found a basalt altar of Yredelemnul.
  2160 | D:4      | Found a glowing golden altar of the Shining One.
  2160 | D:4      | Found a shimmering blue altar of Sif Muna.
  2160 | D:4      | Found an ancient bone altar of Kikubaaqudgha.
  2161 | D:4      | Found a white marble altar of Elyvilon.
  2165 | D:4      | Reached *** piety under Trog
  2178 | D:4      | Reached skill level 5 in Fighting
  2716 | D:4      | Found a staircase to the Ecumenical Temple.
  2775 | D:5      | Entered Level 5 of the Dungeon
  2789 | D:5      | Reached skill level 8 in Axes
  2789 | D:5      | Reached XP level 7. HP: 61/61 MP: 6/6
  2973 | D:5      | Found a sacrificial altar of Ru.
  3022 | D:5      | Reached skill level 9 in Axes
  3022 | D:5      | HP: 3/61 [killer bee (8)]
  3023 | D:5      | Succumbed to a killer bee's poison

Illustrated notes

Levels and vault maps discovered:
D:1:      dpeg_arrival_boxes_within_box, layout_basic, serial_shops, shop,
          minmay_misc_feat_chi, eino_curves_04
D:2:      layout_basic, uniq_terence
D:3:      layout_rooms, nicolae_wu_jian_wuxing_cycle,
          mainiacjoe_overflow_alcove_4, nemelex_spade_bored_becter,
          marbit_many_paths, minmay_misc_feat_four_crosses
D:4:      layout_basic, grunt_temple_overflow_open,
          minmay_temple_entry_enclosed_plants
D:5:      layout_layer_cave, nicolae_ru_sacrificial_ziggurat

Skill      XL: |  1  2  3  4  5  6  7 |
---------------+----------------------+-----
Axes           | 4 5 6 8 9 |  9.0
Fighting       | 4 5 |  5.5
Armour         | 3 4 |  4.7
Dodging        | |  2.7
Stealth        | |  0.2

Action                     |  1- 3 |  4- 6 |  7- 9 || total
---------------------------+-------+-------+-------++-------
  Melee: Hand axe          |    18 |    61 |    27 ||   106
         Headbutt          |    10 |     8 |     3 ||    21
         War axe           |    57 |    25 |       ||    82
         Punch             |       |     1 |       ||     1
 Invoke: Berserk           |     1 |     4 |       ||     5
 Armour: Ring mail         |    24 |       |       ||    24
         Chain mail        |    14 |    58 |    28 ||   100
  Dodge: Dodged            |    42 |    43 |    29 ||   114
